 Dungeon Crawl Stone Soup version 0.27.1 (webtiles) character file.

Game seed: 3871816435576645980

1414 ZARRMARR the Insei (level 8, -6/50 HPs)
             Began as an Octopode Transmuter on Aug 31, 2021.
             Was an Initiate of Ru.
             Killed from afar by Ijyb (23 damage)
             ... with an iceblast
             ... on level 5 of the Dungeon.
             The game lasted 00:53:42 (15475 turns).

ZARRMARR the Insei (Octopode Transmuter)           Turns: 15475, Time: 00:53:42

Health: -6/50      AC:  1    Str: 10    XL:     8   Next: 71%
Magic:  13/14      EV: 14    Int: 17    God:    Ru [......]
Gold:   145        SH:  0    Dex: 12    Spells: 15/16 levels left

rFire    . . .     SeeInvis .     - Unarmed
rCold    . . .     Faith    .   (no shield)
rNeg     + . .     Spirit   .   (helmet currently unavailable)
rPois    .         Reflect  .   (no amulet)
rElec    .         Harm     .   m - ring of positive energy
rCorr    .         Rampage  .   (no ring)
Will     .....                  (no ring)
Stlth    +++.......             (no ring)
HPRegen  0.16/turn              (no ring)
MPRegen  0.14/turn              (no ring)
                                (no ring)
                                (no ring)

@: appendages
A: tentacle spike 3, almost no armour, amphibious, 8 rings, camouflage 1,
gelatinous body 1, (nimble swimmer 1), tentacles
a: End Transformation, Renounce Religion


You were on level 5 of the Dungeon.
You worshipped Ru.
Ru was noncommittal.
One of your tentacles had grown a beastly spike.
You visited 2 branches of the dungeon, and saw 6 of its levels.
You also visited: Sewer.

You collected 145 gold pieces.

Inventory:

Missiles
 i - 7 poisoned darts
 j - 10 boomerangs (quivered)
Jewellery
 l - a ring of fire
 m - a ring of positive energy (left tentacle)
Wands
 n - a wand of iceblast (13)
Scrolls
 a - a scroll of torment
 b - 2 scrolls of holy word
 f - a scroll of immolation
 h - 2 scrolls of fog
Potions
 c - 6 potions of flight
 d - a potion of brilliance {unknown}
 e - 2 potions of curing
 g - a potion of magic {unknown}
 k - 2 potions of mutation
 o - a potion of invisibility {unknown}
 p - a potion of haste


   Skills:
 + Level 2.0 Fighting
 * Level 5.0 Dodging
 + Level 3.6 Stealth
 + Level 5.4 Unarmed Combat
 + Level 4.6 Spellcasting
 + Level 4.1 Transmutations
 * Level 4.0 Ice Magic


You had 15 spell levels left.
You knew the following spells:

 Your Spells              Type           Power      Damage    Failure   Level
a - Beastly Appendage     Tmut           34%        N/A       2%          1

Your spell library contained the following spells:

 Spells                   Type           Power      Damage    Failure   Level
 Wereblood                Tmut           17%        N/A       4%          2
 Summon Small Mammal      Summ           12%        N/A       16%         1
 Spider Form              Tmut/Pois      5%         N/A       19%         3
 Ice Form                 Ice/Tmut       17%        N/A       26%         4
 Call Canine Familiar     Summ           3%         N/A       41%         3
 Portal Projectile        Hex/Tloc       6%         N/A       41%         3
 Summon Guardian Golem    Hex/Summ       3%         N/A       41%         3
 Blade Hands              Tmut           8%         N/A       58%         5
 Excruciating Wounds      Necr           1%         N/A       99%         5


Dungeon Overview and Level Annotations

Branches:
Dungeon (5/15)             Temple (1/1) D:4           Sewer (visited)

Altars:
Ashenzari
Cheibriados
Elyvilon
Hepliaklqana
Kikubaaqudgha
Makhleb
Nemelex Xobeh
Okawaru
Qazlal
Ru
Trog
Uskayaw
Vehumet
Wu Jian
Xom
Yredelemnul
Zin

Shops:
D:4 (*

Annotations:
D:5 Ijyb


Innate Abilities, Weirdness & Mutations

One of your tentacles has grown a beastly spike.
You cannot wear most types of armour.
You are amphibious.
You can wear up to eight rings at the same time.
Your skin changes colour to match your surroundings (Stealth+).
Your rubbery body absorbs attacks. (AC +1, EV +1)
((You are camouflaged near water. (Stealth+)))
You have tentacles for arms and can constrict up to eight enemies at once.


Message History

You throw a boomerang.
The boomerang closely misses the bullfrog zombie.
Unknown command.
Throw: 10 boomerangs
Press: ? - help, Q - select action, (/) - cycle Shift-Dir - straight line, f/p - bullfrog zombie
Aim: a bullfrog zombie (lightly damaged, 69% to hit)
You throw a boomerang. The boomerang hits the bullfrog zombie.
The bullfrog zombie is lightly damaged.
Unknown command.
You bludgeon the bullfrog zombie! You grab the bullfrog zombie.
You pierce the bullfrog zombie.
You tentacle-slap the bullfrog zombie.
Your squeeze misses the bullfrog zombie.
The bullfrog zombie is severely damaged.
You constrict the bullfrog zombie.
The bullfrog zombie barely misses you. x2
You tentacle-slap the bullfrog zombie.
You pierce the bullfrog zombie.
You destroy the bullfrog zombie!
You now have 136 gold pieces (gained 11).
Your transformation is almost over.
There is a stone staircase leading down here.
You now have 145 gold pieces (gained 9).
Your tentacle spike disappears.
Ijyb the Twisted Goblin comes into view.
She is wielding a +2 dagger of venom and carrying a wand of iceblast (7).
Press: ? - help, v - describe, . - travel
Here: Ijyb, wielding a +2 dagger of venom, wearing a +0 leather armour and carrying a wand of iceblast (7) (wandering, hasn't noticed you)
The floor.
Casting: Beastly Appendage (safe; 2% risk of failure)
Confirm with . or Enter, or press ? or * to list all spells.
One of your tentacles grows a vicious spike.
Ijyb shouts!
Throw: 10 boomerangs
Press: ? - help, Q - select action, (/) - cycle Shift-Dir - straight line, f - Ijyb
Aim: Ijyb, wielding a +2 dagger of venom, wearing a +0 leather armour and carrying a wand of iceblast (7) (50% to hit)
You throw a boomerang. The boomerang misses Ijyb.
Ijyb screams, "It's all mine!"
Ijyb zaps a wand.
The mass of ice explodes!
The iceblast engulfs you!
Ijyb zaps a wand.
The mass of ice explodes!
The iceblast engulfs you!!
As you read the scroll of summoning, it crumbles to dust.
Wisps of shadow whirl around you...
Ijyb zaps a wand.
The mass of ice explodes!
The iceblast engulfs you!!
You die...

####### #.....# #.....# #.....#
.. #.....# .. ...#### #####.....#
#. ........##.........########
#.##..........###.....#.....#.
.........h..@..#.............
............5.#.............
#...........s...............
######.......g.....#####........(
#................### #.........
..###..........### #...>..<..
#####..........## ##.........
#...........[...# ##..........
..####..........# ##...#.......


You could see Ijyb (ally target), a friendly scorpion (summoned), a friendly
hound (summoned) and a friendly ufetubus (summoned).

Vanquished Creatures
  A black bear (D:5)
  An ice beast (D:3)
  A phantom (D:4)
  A kobold brigand (Sewer)
  A scorpion (D:4)
  5 wights
  2 centaur zombies (D:5)
  2 hounds (D:4)
  A bullfrog zombie (D:5)
  2 bullfrog skeletons
  A gnoll shaman (D:4)
  4 orc priests
  An iguana (D:5)
  Natasha (thrice) (D:4)
  4 orc wizards (D:4)
  7 gnolls
  4 adders
  2 river rats (Sewer)
  An ufetubus (D:5)
  An adder skeleton (D:4)
  A dart slug (D:4)
  18 orcs
  6 endoplasms
  7 giant cockroaches
  8 goblins
  10 hobgoblins
  5 jackals
  9 kobolds
  11 quokkas
  6 ball pythons
  4 bats
  2 frilled lizards
  4 rats
136 creatures vanquished.

Notes
Turn   | Place    | Note
-------+----------+-------------------------------------------
     0 | D:1      | ZARRMARR the Octopode Transmuter began the quest for the
                  | Orb.
     0 | D:1      | Reached XP level 1. HP: 13/13 MP: 3/3
    14 | D:1      | Found a faded altar of an unknown god.
   553 | D:1      | Reached XP level 2. HP: 15/18 MP: 1/5
  1897 | D:2      | Reached XP level 3. HP: 13/23 MP: 4/6
  2907 | D:3      | Found a glowing drain.
  2916 | D:3      | Reached skill level 1 in Ice Magic
  3017 | Sewer    | Entered a sewer
  3028 | Sewer    | Reached XP level 4. HP: 23/28 MP: 7/7
  3250 | Sewer    | Noticed a kobold brigand
  3266 | Sewer    | Killed a kobold brigand
  3267 | Sewer    | Reached XP level 5. HP: 15/33 MP: 6/9
  3738 | Sewer    | Found a glowing silver altar of Zin.
  3806 | D:3      | Noticed an ice beast
  4460 | D:4      | Found a staircase to the Ecumenical Temple.
  4476 | Temple   | Entered the Ecumenical Temple
  4639 | Temple   | Became a worshipper of Ru the Awakened
  4694 | D:4      | Noticed Natasha
  4702 | D:4      | Killed Natasha
  4703 | D:4      | Reached skill level 1 in Stealth
  4703 | D:4      | Reached XP level 6. HP: 23/38 MP: 8/10
  4850 | D:4      | Found Qitiytef's Lightly-Used Armoury.
  5160 | D:4      | Found a burning altar of Makhleb.
  5168 | D:4      | Noticed Natasha
  6026 | D:4      | Killed Natasha
  6679 | D:4      | Noticed Natasha
  6874 | D:4      | Killed Natasha
  6875 | D:4      | Reached XP level 7. HP: 43/43 MP: 12/12
  7796 | D:4      | Found Ecoamesig's Weapon Shoppe.
  9314 | D:4      | Found a staircase to the Ecumenical Temple.
  9827 | D:4      | Found Qitiytef's Lightly-Used Armoury.
 10148 | D:4      | Found a burning altar of Makhleb.
 10344 | D:4      | Found Ecoamesig's Weapon Shoppe.
 10389 | D:4      | Reached XP level 8. HP: 39/48 MP: 14/14
 10980 | D:4      | Found a burning altar of Makhleb.
 11036 | D:4      | Found Ecoamesig's Weapon Shoppe.
 11162 | D:4      | Found Qitiytef's Lightly-Used Armoury.
 11237 | D:4      | Found a staircase to the Ecumenical Temple.
 14293 | D:5      | Entered Level 5 of the Dungeon
 14533 | D:5      | Reached skill level 5 in Unarmed Combat
 15235 | D:5      | Reached skill level 5 in Dodging
 15469 | D:5      | Noticed Ijyb
 15475 | D:5      | Killed from afar by Ijyb

Illustrated notes

Levels and vault maps discovered:
D:1:      mrwooster_arrival_statue_3, layout_basic, basic_ecumenical_altar,
          item_on_display_a
D:2:      layout_basic, minmay_misc_feat_rows, minivault_23, minivault_25
D:3:      layout_loops_corners, portal_sewer_entry_f, grunt_ministairs_4,
          patterned_corridor
D:4:      minmay_octagon_keep, layout_layer_cave,
          nicolae_overflow_crystal_walls, minmay_temple_entry_slanted,
          serial_shops, kennysheep_mini_moat, minmay_shop_damaged,
          minmay_ruptured, uniq_natasha
D:5:      layout_rooms, uniq_ijyb
Temple:   nicolae_temple_elliptical

Skill      XL: |  1  2  3  4  5  6  7  8 |
---------------+-------------------------+-----
Ice Magic      | 1 2 3 4 |  4.0
Dodging        | 3 4 5 |  5.0
Spellcasting   | 3 4 |  4.6
Unarmed Combat | 4 5 |  5.4
Stealth        | 1 2 3 |  3.6
Transmutations | 3 4 |  4.1
Fighting       | 2 |  2.0

Action                   |  1- 3 |  4- 6 |  7- 9 || total
-------------------------+-------+-------+-------++-------
Melee: Unarmed           |    67 |   109 |   127 ||   303
       Kick              |    19 |    17 |    37 ||    73
       Constrict         |    19 |    29 |    28 ||    76
       Tentacles         |    11 |    23 |    18 ||    52
       Punch             |       |     2 |     2 ||     4
Throw: Dart              |    51 |    47 |    90 ||   188
       Boomerang         |       |    27 |    48 ||    75
 Cast: Beastly Appendage |    29 |    32 |    51 ||   112
Invok: Reject Sacrifices |       |       |     1 ||     1
  Use: Scroll            |     4 |     7 |     3 ||    14
       Potion            |       |     1 |     3 ||     4
 Stab: Sleeping          |     5 |     1 |     2 ||     8
       Distracted        |     1 |       |       ||     1
Armor: Skin              |     2 |     9 |     3 ||    14
Dodge: Dodged            |    35 |    59 |    89 ||   183
